TEX
ARKANSAS TRAVELERS @ CORPUS CHRISTI HOOKS
07/13/2099
 
TOP OF THE 1ST
Arkansas Travelers batting - Pitching for Corpus Christi Hooks : RHP Brian Stearns
Pitching: RHP Brian Stearns
Batting: LHB Matt Johansen 0-0: Swinging Strike
0-1: Swinging Strike
0-2: Ball
1-2: Ground out U3 (Groundball, 34, EV 103.8 MPH)
Batting: RHB Jason Southerland 0-0: Swinging Strike
0-1: Swinging Strike
0-2: Ball
1-2: Foul Ball, location: 9LDF
1-2: Ball
2-2: Ball
3-2: Fly out, F5 (Popup, 5S, EV 80.0 MPH)
Batting: SHB Jonathan Paszek 0-0: Ball
1-0: Called Strike
1-1: Fly out, F1 (Line Drive, P, EV 63.8 MPH)
Top of the 1st over - 0 runs, 0 hits, 0 errors, 0 left on base; Arkansas 0 - Corpus Christi 0
BOTTOM OF THE 1ST
Corpus Christi Hooks batting - Pitching for Arkansas Travelers : LHP Joe Mullins
Pitching: LHP Joe Mullins
Batting: LHB Jesse Boal 0-0: Ball
1-0: Ball
2-0: Foul Ball, location: 9LDF
2-1: Swinging Strike
2-2: Foul Ball, location: 2F
2-2: Foul Ball, location: 2F
2-2: Foul Ball, location: 2F
2-2: Ball
3-2: Strikes out swinging
Batting: RHB Donovan Miller 0-0: Ground out 6-3 (Groundball, 6, EV 87.5 MPH)
Batting: RHB Eric Black 0-0: Ball
1-0: Ball
2-0: Called Strike
2-1: Ball
3-1: Base on Balls
Batting: RHB James Woodard 0-0: Foul Ball, location: 9LDF
0-1: Ball
1-1: Fielders Choice at 2nd, 6-4 (Groundball, 6, EV 83.8 MPH)
Bottom of the 1st over - 0 runs, 0 hits, 0 errors, 1 left on base; Arkansas 0 - Corpus Christi 0
TOP OF THE 2ND
Arkansas Travelers batting - Pitching for Corpus Christi Hooks : RHP Brian Stearns
Batting: RHB John Phillips 0-0: Ball
1-0: Called Strike
1-1: Foul Ball, location: 2F
1-2: Ball
2-2: Ball
3-2: Foul Ball, location: 23F
3-2: Foul Ball, location: 2F
3-2: Base on Balls
Batting: LHB Adrian Ellis 0-0: Fly out, F7 (Flyball, 78S, EV 90.0 MPH)
Batting: RHB Bob Poor 0-0: Ball
1-0: SINGLE (Line Drive, 8LS, EV 89.4 MPH)
John Phillips to second
Batting: RHB Jonathan Baynham 0-0: Ball
1-0: Ball
2-0: Ball
3-0: Fielders Choice at 2nd, 3-6 (Groundball, 3, EV 91.3 MPH)
John Phillips to third
Batting: RHB Chris Phillips 0-0: Called Strike
0-1: Ball
1-1: Fly out, F8 (Flyball, 8LXD, EV 111.3 MPH)
Top of the 2nd over - 0 runs, 1 hit, 0 errors, 2 left on base; Arkansas 0 - Corpus Christi 0
BOTTOM OF THE 2ND
Corpus Christi Hooks batting - Pitching for Arkansas Travelers : LHP Joe Mullins
Batting: RHB David Warren 0-0: Ball
1-0: Ball
2-0: Ground out 6-3 (Groundball, 6S, EV 84.4 MPH)
Batting: RHB Chad Boston 0-0: Foul Ball, location: 3FF
0-1: Called Strike
0-2: Foul Ball, location: 5DF
0-2: Strikes out swinging
Batting: RHB Ryan Avey 0-0: DOUBLE (Line Drive, 9LM, EV 108.1 MPH)
Batting: RHB Danny Nunez 0-0: Called Strike
0-1: Hit by Pitch
Batting: RHB Bill Barber 0-0: Ball
1-0: Fly out, F4 (Popup, 4M, EV 58.8 MPH)
Bottom of the 2nd over - 0 runs, 1 hit, 0 errors, 2 left on base; Arkansas 0 - Corpus Christi 0
TOP OF THE 3RD
Arkansas Travelers batting - Pitching for Corpus Christi Hooks : RHP Brian Stearns
Batting: RHB Nicolas Montecino 0-0: Foul Ball, location: 7LMF
0-1: Ball
1-1: Swinging Strike
1-2: Foul Ball, location: 2F
1-2: Ball
2-2: Ball
3-2: Strikes out swinging
Batting: LHB Matt Johansen 0-0: Ball
1-0: Foul Ball, location: 3F
1-1: SINGLE (Flyball, 8RS, EV 86.9 MPH)
Batting: RHB Jason Southerland 0-0: Fly out, F3 (Line Drive, 3, EV 68.8 MPH)
Lined into DP, U3 (Line Drive, 3, EV 68.8 MPH)
Top of the 3rd over - 0 runs, 1 hit, 0 errors, 0 left on base; Arkansas 0 - Corpus Christi 0
BOTTOM OF THE 3RD
Corpus Christi Hooks batting - Pitching for Arkansas Travelers : LHP Joe Mullins
Batting: LHB Jesse Boal 0-0: Ball
1-0: Ball
2-0: Ball
3-0: Base on Balls
Batting: RHB Donovan Miller 0-0: Ball
1-0: Called Strike
1-1: Swinging Strike
1-2: Ball
2-2: Foul Ball, location: 9LDF
2-2: Foul Ball, location: 2RF
2-2: Grounds into double play, 4-6-3 (Groundball, 4, EV 88.1 MPH)
Batting: RHB Eric Black 0-0: Ball
1-0: Ball
2-0: Ball
3-0: Called Strike
3-1: Base on Balls
Batting: RHB James Woodard 0-0: Called Strike
0-1: Swinging Strike
0-2: Strikes out swinging
Bottom of the 3rd over - 0 runs, 0 hits, 0 errors, 1 left on base; Arkansas 0 - Corpus Christi 0
TOP OF THE 4TH
Arkansas Travelers batting - Pitching for Corpus Christi Hooks : RHP Brian Stearns
Batting: SHB Jonathan Paszek 0-0: Fly out, F6 (Flyball, 56D, EV 90.0 MPH)
Batting: RHB John Phillips 0-0: SOLO HOME RUN (Flyball, 9LD, EV 93.8 MPH), Distance : 327 ft
Batting: LHB Adrian Ellis 0-0: Ball
1-0: Ball
2-0: Fly out, F8 (Flyball, 8LD, EV 95.0 MPH)
Batting: RHB Bob Poor 0-0: Called Strike
0-1: Foul Ball, location: 2F
0-2: Foul Ball, location: 2F
0-2: Fly out, F8 (Flyball, 8LM, EV 95.6 MPH)
Top of the 4th over - 1 run, 1 hit, 0 errors, 0 left on base; Arkansas 1 - Corpus Christi 0
BOTTOM OF THE 4TH
Corpus Christi Hooks batting - Pitching for Arkansas Travelers : LHP Joe Mullins
Batting: RHB David Warren 0-0: Ball
1-0: Called Strike
1-1: Ball
2-1: Ball
3-1: Foul Ball, location: 3SF
3-2: Foul Ball, location: 3FF
3-2: Ground out 6-3 (Groundball, 6, EV 79.4 MPH)
Batting: RHB Chad Boston 0-0: Ball
1-0: Ball
2-0: Called Strike
2-1: Ball
3-1: Base on Balls
Batting: RHB Ryan Avey 0-0: Ball
1-0: Grounds into double play, 6-4-3 (Groundball, 6, EV 91.9 MPH)
Bottom of the 4th over - 0 runs, 0 hits, 0 errors, 0 left on base; Arkansas 1 - Corpus Christi 0
TOP OF THE 5TH
Arkansas Travelers batting - Pitching for Corpus Christi Hooks : RHP Brian Stearns
Batting: RHB Jonathan Baynham 0-0: Swinging Strike
0-1: Foul Ball, location: 2F
0-2: Strikes out swinging
Batting: RHB Chris Phillips 0-0: Fly out, F3 (Popup, 3F, EV 53.8 MPH)
Batting: RHB Nicolas Montecino 0-0: Ball
1-0: Foul Ball, location: 25F
1-1: Foul Ball, location: 3DF
1-2: Ball
2-2: DOUBLE (Line Drive, 89XD, EV 108.1 MPH)
Batting: LHB Matt Johansen 0-0: Ball
1-0: Ball
2-0: Called Strike
2-1: Foul Ball, location: 3DF
2-2: Ball
3-2: Foul Ball, location: 23FF
3-2: Base on Balls
Batting: RHB Jason Southerland 0-0: Ball
1-0: Ball
2-0: Ball
3-0: Base on Balls
Nicolas Montecino to third
Matt Johansen to second
Batting: SHB Jonathan Paszek 0-0: Ball
1-0: Foul Ball, location: 9LDF
1-1: Foul Ball, location: 2F
1-2: Ball
2-2: Foul Ball, location: 25F
2-2: DOUBLE (Line Drive, 78XD, EV 98.8 MPH)
Nicolas Montecino scores
Matt Johansen scores
Jason Southerland to third
Runner from 3rd tries for Home, SAFE, no throw by CF
Batting: RHB John Phillips 0-0: Called Strike
0-1: Ball
1-1: Ball
2-1: Foul Ball, location: 2F
2-2: Ball
3-2: Foul Ball, location: 7LSF
3-2: Ground out 5-3 (Groundball, 56, EV 88.8 MPH)
Top of the 5th over - 3 runs, 2 hits, 0 errors, 1 left on base; Arkansas 4 - Corpus Christi 0
BOTTOM OF THE 5TH
Corpus Christi Hooks batting - Pitching for Arkansas Travelers : LHP Joe Mullins
Batting: RHB Danny Nunez 0-0: Ball
1-0: Called Strike
1-1: Ball
2-1: Ball
3-1: Foul Ball, location: 2F
3-2: Foul Ball, location: 3F
3-2: Base on Balls
Batting: RHB Bill Barber 0-0: Called Strike
0-1: Ball
1-1: Called Strike
1-2: Ball
2-2: Strikes out looking
Batting: LHB Jesse Boal 0-0: Foul Ball, location: 2F
0-1: Ball
1-1: Called Strike
1-2: Ball
2-2: Foul Ball, location: 9LDF
2-2: Strikes out swinging
Batting: RHB Donovan Miller 0-0: Ball
1-0: Foul Ball, location: 7LDF
1-1: Ball
2-1: Ball
3-1: Base on Balls
Danny Nunez to second
Batting: RHB Eric Black 0-0: Ground out 1-3 (Groundball, 13S, EV 76.3 MPH)
Bottom of the 5th over - 0 runs, 0 hits, 0 errors, 2 left on base; Arkansas 4 - Corpus Christi 0
TOP OF THE 6TH
Arkansas Travelers batting - Pitching for Corpus Christi Hooks : RHP Brian Stearns
Batting: LHB Adrian Ellis 0-0: Called Strike
0-1: Foul Ball, location: 23F
0-2: Strikes out swinging
Batting: RHB Bob Poor 0-0: Ball
1-0: Called Strike
1-1: Swinging Strike
1-2: Foul Ball, location: 23F
1-2: SINGLE (Line Drive, 78M, EV 102.5 MPH)
Batting: RHB Jonathan Baynham 0-0: Foul Ball, location: 9LMF
0-1: Ball
1-1: Called Strike
1-2: Strikes out looking
Batting: RHB Chris Phillips 0-0: Ground out 4-3 (Groundball, 34S, EV 92.5 MPH)
Top of the 6th over - 0 runs, 1 hit, 0 errors, 1 left on base; Arkansas 4 - Corpus Christi 0
BOTTOM OF THE 6TH
Corpus Christi Hooks batting - Pitching for Arkansas Travelers : LHP Joe Mullins
Batting: RHB James Woodard 0-0: Ball
1-0: Ball
2-0: Called Strike
2-1: Fly out, F8 (Flyball, 89S, EV 74.4 MPH)
Batting: RHB David Warren 0-0: Called Strike
0-1: Swinging Strike
0-2: Ball
1-2: Ball
2-2: Strikes out looking
Batting: RHB Chad Boston 0-0: Foul Ball, location: 2F
0-1: Ball
1-1: Ball
2-1: Called Strike
2-2: Ball
3-2: Base on Balls
Batting: RHB Ryan Avey 0-0: SINGLE (Groundball, 56S, EV 71.3 MPH) (infield hit)
Chad Boston to second
Batting: RHB Danny Nunez 0-0: Called Strike
0-1: Ball
1-1: Ball
2-1: Foul Ball, location: 9LMF
2-2: Ball
3-2: Foul Ball, location: 9LDF
3-2: Ground out 3-1 (Groundball, 34, EV 98.1 MPH)
Bottom of the 6th over - 0 runs, 1 hit, 0 errors, 2 left on base; Arkansas 4 - Corpus Christi 0
TOP OF THE 7TH
Arkansas Travelers batting - Pitching for Corpus Christi Hooks : RHP Brian Stearns
Batting: RHB Nicolas Montecino 0-0: Called Strike
0-1: Ball
1-1: Called Strike
1-2: Strikes out swinging
Batting: LHB Matt Johansen 0-0: Called Strike
0-1: Ball
1-1: Ball
2-1: Ground out 4-3 (Groundball, 4M, EV 79.4 MPH)
Batting: RHB Jason Southerland 0-0: Called Strike
0-1: Ball
1-1: Foul Ball, location: 23F
1-2: Foul Ball, location: 7LSF
1-2: Ball
2-2: Foul Ball, location: 2RF
2-2: Ball
3-2: Foul Ball, location: 9LMF
3-2: Fly out, F9 (Flyball, 9, EV 90.6 MPH)
Top of the 7th over - 0 runs, 0 hits, 0 errors, 0 left on base; Arkansas 4 - Corpus Christi 0
BOTTOM OF THE 7TH
Corpus Christi Hooks batting - Pitching for Arkansas Travelers : LHP Joe Mullins
Now at 1B: Bob Poor
Now at SS: Vince McKnight
Now in LF: David Hardy
Batting: RHB Bill Barber 0-0: Swinging Strike
0-1: Swinging Strike
0-2: Strikes out swinging
Batting: LHB Jesse Boal 0-0: Ball
1-0: Foul Ball, location: 3F
1-1: Foul Ball, location: 2F
1-2: Strikes out swinging
Batting: RHB Donovan Miller 0-0: Foul Ball, location: 2F
0-1: Ball
1-1: Ground out 1-3 (Groundball, 34S, EV 66.3 MPH)
Bottom of the 7th over - 0 runs, 0 hits, 0 errors, 0 left on base; Arkansas 4 - Corpus Christi 0
TOP OF THE 8TH
Arkansas Travelers batting - Pitching for Corpus Christi Hooks : RHP Brian Stearns
Pitching: RHP Chris Rockwell
Batting: SHB Jonathan Paszek 0-0: Ball
1-0: Ball
2-0: Hit by Pitch
Batting: RHB David Hardy 0-0: Called Strike
0-1: Ball
1-1: Ball
2-1: Ball
3-1: Base on Balls
Jonathan Paszek to second
Batting: LHB Adrian Ellis 0-0: Grounds out, U3 (Groundball, 3L, EV 76.9 MPH)
Jonathan Paszek to third
Batting: RHB Bob Poor 0-0: Called Strike
0-1: Called Strike
0-2: Ball
1-2: Ball
2-2: Ground out 6-3 (Groundball, 6, EV 78.8 MPH)
Batting: RHB Jonathan Baynham 0-0: Ball
1-0: Called Strike
1-1: Ball
2-1: Swinging Strike
2-2: Strikes out looking
Top of the 8th over - 0 runs, 0 hits, 0 errors, 2 left on base; Arkansas 4 - Corpus Christi 0
BOTTOM OF THE 8TH
Corpus Christi Hooks batting - Pitching for Arkansas Travelers : LHP Joe Mullins
Batting: RHB Eric Black 0-0: Called Strike
0-1: Swinging Strike
0-2: Strikes out swinging
Pitching: RHP Josh Reed
Batting: RHB James Woodard 0-0: SINGLE (Groundball, 4M, EV 98.1 MPH) (infield hit)
Batting: RHB David Warren 0-0: Foul Ball, location: 25F
0-1: Swinging Strike
0-2: Foul Ball, location: 9LDF
0-2: Fly out, F8 (Flyball, 8LD, EV 110.0 MPH)
Batting: RHB Chad Boston 0-0: Called Strike
0-1: Foul Ball, location: 2LF
0-2: Ball
1-2: DOUBLE (Groundball, 5L, EV 108.8 MPH)
James Woodard to third
Batting: RHB Ryan Avey 0-0: Called Strike
0-1: Ball
1-1: SINGLE (Groundball, 4MD, EV 105.6 MPH) (infield hit)
James Woodard scores
Chad Boston to third
Batting: RHB Danny Nunez 0-0: Ball
1-0: Ball
2-0: Called Strike
2-1: 3-RUN HOME RUN (Flyball, 78XD, EV 99.4 MPH), Distance : 397 ft
Pitching: RHP Dave Jackson
Pinch Hitting: RHB Nate McKean 0-0: Ground out 6-3 (Groundball, 6, EV 105.6 MPH)
Bottom of the 8th over - 4 runs, 4 hits, 0 errors, 0 left on base; Arkansas 4 - Corpus Christi 4
TOP OF THE 9TH
Arkansas Travelers batting - Pitching for Corpus Christi Hooks : RHP Chris Rockwell
Pitching: RHP Josh Baird
Now at 2B: Andres Munguia
Batting: RHB Chris Phillips 0-0: Ball
1-0: Ball
2-0: Ball
3-0: Base on Balls
Batting: RHB Nicolas Montecino 0-0: Ball
1-0: Bunted foul
1-1: Sac Bunt to 13S - play at first, batter OUT! 1-3
Chris Phillips to second
Batting: LHB Matt Johansen 0-0: Intentional Walk
Pinch Runner at 2nd Dan Bouldin:
Batting: RHB Vince McKnight 0-0: Foul Ball, location: 3DF
0-1: Foul Ball, location: 2RF
0-2: Strikes out swinging
Batting: SHB Jonathan Paszek 0-0: 3-RUN HOME RUN (Flyball, 8RXD, EV 115.6 MPH), Distance : 476 ft
Batting: RHB David Hardy 0-0: Ball
1-0: Ball
2-0: Ball
3-0: Base on Balls
Batting: LHB Adrian Ellis 0-0: Foul Ball, location: 2F
0-1: Ball
1-1: Ball
2-1: Called Strike
2-2: SINGLE (Line Drive, 78M, EV 93.8 MPH)
David Hardy to second
Batting: RHB Bob Poor 0-0: Ball
1-0: Ball
2-0: Foul Ball, location: 25F
2-1: DOUBLE (Groundball, 5L, EV 106.3 MPH)
David Hardy scores
Adrian Ellis to third
Runner from 3rd tries for Home, SAFE, throw by LF to home
Pitching: RHP Walt McGinn
Batting: RHB Jonathan Baynham 0-0: Called Strike
0-1: Ball
1-1: Foul Ball, location: 2LF
1-2: Ball
2-2: Foul Ball, location: 3F
2-2: SINGLE (Groundball, 34D, EV 101.9 MPH)
Bob Poor to third
Runner from 3rd tries for Home, SAFE, throw by RF to home
Jonathan Baynham to second
Batting: RHB Dan Bouldin 0-0: Ball
1-0: Called Strike
1-1: Called Strike
1-2: Ball
2-2: Foul Ball, location: 9LMF
2-2: Ball
3-2: Foul Ball, location: 2F
3-2: Foul Ball, location: 23F
3-2: Strikes out swinging
Top of the 9th over - 6 runs, 4 hits, 0 errors, 1 left on base; Arkansas 10 - Corpus Christi 4
BOTTOM OF THE 9TH
Corpus Christi Hooks batting - Pitching for Arkansas Travelers : RHP Dave Jackson
Now at 3B: Dan Bouldin
Batting: LHB Jesse Boal 0-0: Foul Ball, location: 2F
0-1: Ball
1-1: Ball
2-1: Called Strike
2-2: Strikes out swinging
Batting: RHB Donovan Miller 0-0: Ball
1-0: Ball
2-0: Foul Ball, location: 2F
2-1: SINGLE (Line Drive, 9S, EV 103.8 MPH)
Batting: RHB Eric Black 0-0: Ball
1-0: Fly out, F8 (Line Drive, 89M, EV 92.5 MPH)
Batting: RHB James Woodard 0-0: Called Strike
0-1: Ball
1-1: Ball
2-1: Fly out, F8 (Flyball, 78XD, EV 79.4 MPH)
Bottom of the 9th over - 0 runs, 1 hit, 0 errors, 1 left on base; Arkansas 10 - Corpus Christi 4
Saturday, May 11th , 2024 - OOTP Baseball 24.11 Build 85